 Dungeon Crawl Stone Soup version 0.32-a0-732-ga344392067 (webtiles) character file.

Game seed: 6870058232361873200

74 Crownlay the Charlatan (level 4, -6/33 HPs)
             Began as a Coglin Wanderer on Mar 16, 2024.
             Mangled by Terence
             ... wielding a +0 flail
              (8 damage)
             ... on level 3 of the Dungeon.
             The game lasted 00:05:29 (2103 turns).

Crownlay the Charlatan (Coglin Wanderer)            Turns: 2103, Time: 00:05:29

Health: -6/33      AC:  3    Str: 13    XL:     4   Next: 28%
Magic:  2/6        EV:  9    Int: 12    God:
Gold:   153        SH:  0    Dex: 14    Spells: 4/5 levels left

rFire   . . .        a - +2 sling {Jacinta}
rCold   . . .        e - -2 sling {Friðuswiþ}
rNeg    . . .        d - +0 leather armour
rPois   .            (no helmet)
rElec   .            (no cloak)
rCorr   .            (no gloves)
SInv    .            (no boots)
Will    .....        (amulet unavailable)
Stlth   +            (ring unavailable)
HPRegen 0.25/turn    (ring unavailable)
MPRegen 0.10/turn    (no gizmo)

%: no passive effects
@: revving
A: off-hand wielding, slow wielding, warmup strikes, no jewellery
a: Invent Gizmo


You were on level 3 of the Dungeon.
You visited 1 branch of the dungeon, and saw 3 of its levels.

You collected 153 gold pieces.

Inventory:

Hand Weapons
 a - a +2 sling (weapon) {Jacinta}
 e - a -2 sling (offhand) {Friðuswiþ}
Armour
 d - a +0 leather armour (worn)
Wands
 b - a wand of polymorph (5)
Scrolls
 f - 4 scrolls of identify {unknown}
 i - 2 scrolls of blinking {unknown}
 j - a scroll of revelation {unknown}
 l - a scroll of summoning {unknown}
 m - a scroll of teleportation {unknown}
 n - a scroll of fog {unknown}
Potions
 c - a potion of curing
 g - a potion of degeneration {unknown}
 h - a potion of cancellation {unknown}
 k - a potion of berserk rage {unknown}


   Skills:
 - Level 2.0 Fighting
 - Level 1.7 Ranged Weapons
 - Level 1.0 Stealth
 + Level 1.4 Spellcasting
 - Level 2.3 Earth Magic
 + Level 2.1 Alchemy
 + Level 4.4 Evocations


You had 4 spell levels left.
You knew the following spells:

 Your Spells              Type           Power      Damage    Failure   Level
a - Sandblast             Erth           12%        2d6       14%         1

Your spell library contained the following spells:

 Spells                   Type           Power      Damage    Failure   Level
 Scorch                   Fire           0%         2d5       50%         2
 Stone Arrow              Conj/Erth      6%         3d7       56%         3
 Mephitic Cloud           Conj/Alch/Air  2%         N/A       63%         3
 Dazzling Flash           Conj/Hex       0%         N/A       73%         3
 Frozen Ramparts          Ice            0%         1d1       73%         3
 Ozocubu's Armour         Ice            0%         N/A       73%         3
 Flame Wave               Conj/Fire      0%         2d4       98%         4
 Curse of Agony           Necr           0%         N/A       100%        5
 Metabolic Englaciation   Hex/Ice        0%         N/A       100%        5
 Silence                  Hex/Air        0%         N/A       100%        5
 Summon Cactus Giant      Summ           0%         N/A       100%        6


Dungeon Overview and Level Annotations

Branches:
Dungeon (3/15)

Altars:
Zin

Shops:
D:3 =

Annotations:
D:3 Terence


Innate Abilities, Weirdness & Mutations

You can wield a second weapon in your off-hand.
It takes a long time for you to wield or remove held weapons.
Your first few attacks do less damage.
You cannot equip rings or amulets.


Message History

You are too injured to fight recklessly!
Casting: Sandblast (safe; 14% risk of failure)
Confirm with . or Enter, or press ? or * to list all spells.
Aiming: Sandblast (safe; 14% risk of failure)
Press: ? - help, Shift-Dir - straight line, f/p - Terence
Aim: Terence, wielding a +0 flail and wearing a +0 scale mail (heavily wounded, 83% to hit)
The blast of sand hits Terence but does no damage.
Terence is heavily wounded.
Terence hits you with a +0 flail.
* * * LOW HITPOINT WARNING * * *
Casting: Sandblast (safe; 14% risk of failure)
Confirm with . or Enter, or press ? or * to list all spells.
Aiming: Sandblast (safe; 14% risk of failure)
Press: ? - help, Shift-Dir - straight line, f/p - Terence
Aim: Terence, wielding a +0 flail and wearing a +0 scale mail (heavily wounded, 83% to hit)
The blast of sand hits Terence.
Terence is severely wounded.
Terence barely misses you. Terence shouts, "Now you die!"
Terence hits you with a +0 flail.
* * * LOW HITPOINT WARNING * * *
Casting: Sandblast (safe; 14% risk of failure)
Confirm with . or Enter, or press ? or * to list all spells.
Aiming: Sandblast (safe; 14% risk of failure)
Press: ? - help, Shift-Dir - straight line, f/p - Terence
Aim: Terence, wielding a +0 flail and wearing a +0 scale mail (severely wounded, 83% to hit)
The blast of sand misses Terence.
The blast of sand hits the goblin.
The goblin is severely wounded.
Terence hits you with a +0 flail.
* * * LOW HITPOINT WARNING * * *
Casting: Sandblast (safe; 14% risk of failure)
Confirm with . or Enter, or press ? or * to list all spells.
Aiming: Sandblast (safe; 14% risk of failure)
Press: ? - help, Shift-Dir - straight line, f/p - Terence
Aim: Terence, wielding a +0 flail and wearing a +0 scale mail (severely wounded, 83% to hit)
The blast of sand hits Terence but does no damage.
Terence is severely wounded.
Terence barely misses you. Terence hits you with a +0 flail!
You die...
Terence says, "Time to find some more victims."

######.... ### #......... #..
......###......... #..
#..>....##......... ##..
#........+......... ....
#.......##......... ....
#.......##.g†..# ..#. #.......#
#@#' #. #....#.###@# #
######.........# #
#....######.####.# #....#
####'#....# #....# #......###
############# #....# #........#
#............
#....###........###............
#....'.'.....#....#............
#....###.....##.#.#............


You could see Terence and a goblin.

Vanquished Creatures
  An adder (D:3)
  3 dart slugs
  5 orcs (D:3)
  5 bats
  An endoplasm (D:2)
  6 giant cockroaches
  5 goblins
  4 hobgoblins
  2 jackals (D:3)
  A quokka (D:1)
  4 ball pythons
  4 frilled lizards
  4 kobolds
  6 rats
51 creatures vanquished.

Notes
Turn   | Place    | Note
-------+----------+-------------------------------------------
     0 | D:1      | Crownlay the Coglin Wanderer began the quest for the Orb.
     0 | D:1      | Crownlay set off with the following items: a +2 sling
                  | {Jacinta}, a wand of polymorph (5), a potion of curing, a
                  | +0 leather armour, a -2 sling {Friðuswiþ}; and the
                  | following spell memorised: Sandblast; and the following
                  | spells available to memorise: Stone Arrow.
     0 | D:1      | Reached XP level 1. HP: 15/15 MP: 2/2
    97 | D:1      | Reached XP level 2. HP: 19/21 MP: 3/3
   152 | D:1      | Reached skill level 1 in Alchemy
   217 | D:1      | Found a faded altar of an unknown god.
   721 | D:1      | Reached XP level 3. HP: 26/27 MP: 4/4
  1776 | D:3      | Reached XP level 4. HP: 33/33 MP: 5/5
  1809 | D:3      | Found Deskadiga's Jewellery Shoppe.
  1997 | D:3      | Found a glowing silver altar of Zin.
  2089 | D:3      | Noticed Terence
  2102 | D:3      | HP: 1/33 [Terence/+0 flail (5)]
  2103 | D:3      | Mangled by Terence

Illustrated notes

Levels and vault maps discovered:
D:1:      sevenhm_arrival_forest_fort_small_3, layout_loops_corners,
          ebering_ecumenical_altar_hall, serial_bayou, serial_bayou_pond_b,
          serial_bayou_pond_a, serial_bayou_pond_b, serial_bayou_ford_a
D:2:      layout_basic, amethyst_killhole, minmay_pentomino_v2
D:3:      layout_basic, marbit_many_paths, serial_curves, eino_curves_02,
          eino_curves_04, serial_shops, shop, uniq_terence

Skill      XL: |  1  2  3 |
---------------+----------+-----
Earth Magic    | 2 |  2.3
Alchemy        | 1 2 |  2.1
Fighting       | 2 |  2.0
Ranged Weapons | |  1.7
Stealth        | |  1.0
Spellcasting   | |  1.4
Evocations     | |  4.4

Action                     |  1- 3 |  4- 6 || total
---------------------------+-------+-------++-------
   Fire: Sling             |   170 |    76 ||   246
   Cast: Sandblast         |       |     4 ||     4
 Armour: Leather armour    |    17 |    30 ||    47
  Dodge: Dodged            |    11 |    16 ||    27

Table legend: (Time is in decaauts)
 A = Elapsed time spent in this place.
 B = Non-inter-level travel time spent in this place.
 C = Inter-level travel time spent in this place.
 D = Time resting spent in this place.
 E = Time spent auto-exploring this place.
 F = Levels seen in this place.
 G = Mean time per level.
                   A        B        C        D        E       F      G
               +--------+--------+--------+--------+--------+-----+--------+
         Total |   2164 |   2144 |     20 |      0 |   1876 |   3 |  721.3 |
       Dungeon |   2164 |   2144 |     20 |      0 |   1876 |   3 |  721.3 |
               +--------+--------+--------+--------+--------+-----+--------+

Top non-repeatable levels by time:
     D:1: 961 daAuts
     D:2: 698 daAuts
     D:3: 504 daAuts
